 Dungeon Crawl Stone Soup version 0.21-a0-632-g1e37ce5 (webtiles) character file.

136 Lanoc the Insei (level 4, -13/40 HPs)
             Began as a Centaur Monk on Dec 28, 2017.
             Mangled by an orc
             ... wielding a +0 hand axe of electrocution
              (19 damage)
             ... on level 3 of the Dungeon.
             The game lasted 00:06:42 (2554 turns).

Lanoc the Insei (Centaur Monk)                      Turns: 2554, Time: 00:06:43

Health: -13/40     AC:  4    Str: 13    XL:     4   Next: 98%
Magic:  0/4        EV: 11    Int:  9    God:
Gold:   140        SH:  0    Dex: 13    Spells: 3/3 levels left

rFire    . . .     SeeInvis .     - Unarmed
rCold    . . .     Gourm    .   (no shield)
rNeg     . . .     Faith    .   a - +0 robe
rPois    .         Spirit   +   (no helmet)
rElec    .         Reflect  .   n - scarf {Spirit}
rCorr    .         Harm     .   (no gloves)
MR       .....                  (no barding)
Stlth    +.........             (no amulet)
HPRegen  0.13/turn              i - ring of wizardry
MPRegen  0.09/turn              (no ring)

@: very quick
A: large, hooves 3, deformed body, speed 2, tough skin 3
a: no special abilities


You were on level 3 of the Dungeon.
You were not hungry.

You visited 1 branch of the dungeon, and saw 3 of its levels.

You collected 140 gold pieces.

Inventory:

Missiles
 h - 29 arrows
Armour
 a - a +0 robe (worn)
 n - a scarf of spirit shield (worn)
Jewellery
 i - a ring of wizardry (left hand)
Wands
 o - a wand of random effects (23)
Scrolls
 g - 4 scrolls of remove curse {unknown}
 j - a scroll of identify {unknown}
 m - a scroll of amnesia {unknown}
 p - a scroll of blinking {unknown}
Potions
 d - 3 potions of brilliance {unknown}
 e - a potion of curing {unknown}
 f - a potion of heal wounds {unknown}
 k - a potion of mutation {unknown}
 q - a potion of lignification {unknown}
Books
 l - a book of Misfortune

   Spells                             Type                      Level
   a - Confusing Touch                Hexes                        1
   b - Confuse                        Hexes                        3
   c - Gell's Gravitas                Translocation                3
   d - Petrify                        Transmutation/Earth          4
   e - Metabolic Englaciation         Hexes/Ice                    5
   f - Yara's Violent Unravelling     Hexes/Transmutation          5
Comestibles
 b - 6 rations
 c - 9 chunks of flesh


   Skills:
 + Level 4.0 Fighting
 + Level 3.0 Dodging
 - Level 1.1 Stealth
 + Level 4.1 Unarmed Combat


You had 3 spell levels left.
You didn't know any spells.

Dungeon Overview and Level Annotations

Branches:
Dungeon (3/15)

Altars:
Gozag

Annotations:
D:3 Sigmund


Innate Abilities, Weirdness & Mutations

You have hooves in place of feet.
Armour fits poorly on your strangely shaped body.
You cover ground very quickly.
You have extremely tough skin. (AC +3)


Message History

The bat hits you but does no damage. The bat misses you.
You hit the bat.
You kill the bat!
The orc hits you with a hand axe of electrocution.
You are electrocuted!
* * * LOW HITPOINT WARNING * * *
You see here a bat corpse.
You hit the orc. Your kick misses the orc.
The orc is severely wounded.
The orc barely misses you.
You hit the orc. Your kick misses the orc.
The orc is almost dead.
The orc hits you but does no damage.
You closely miss the orc. Your kick misses the orc.
The orc is almost dead.
The orc hits you with a hand axe of electrocution!
* * * LOW HITPOINT WARNING * * *
You are electrocuted!
You die...

.# .# ##.# ...### ##....
#...# ##
##.#.######...#########.
......o@............ ...
......######.##########.
........................
#... .######.##########.
#.. #.# #. #. #.# #. #
#.# #. #.# #. #.# #.


You could see an orc.

Vanquished Creatures
  An orc priest (D:3)
  4 adders
  8 orcs (D:3)
  A giant cockroach (D:2)
  5 goblins
  7 hobgoblins
  6 jackals
  5 ball pythons
  9 bats
  9 frilled lizards
  2 kobolds
  5 rats
62 creatures vanquished.

Notes
Turn   | Place    | Note
-------+----------+-------------------------------------------
     0 | D:1      | Lanoc the Centaur Monk began the quest for the Orb.
     0 | D:1      | Reached XP level 1. HP: 19/19 MP: 1/1
    45 | D:1      | Reached XP level 2. HP: 16/26 MP: 2/2
   871 | D:2      | Reached XP level 3. HP: 16/31 MP: 3/3
  1192 | D:2      | Found an opulent altar of Gozag.
  1704 | D:2      | Reached XP level 4. HP: 22/40 MP: 2/4
  2380 | D:3      | Noticed Sigmund
  2554 | D:3      | Mangled by an orc

Vault maps used:
D:1:      dpeg_arrival_line_fractal, serial_bayou_pond_b
D:2:      grunt_gozag_breadcrumbs, minmay_shallow_snake_nest
D:3:      first_ration, uniq_sigmund

Skill      XL: |  1  2  3  4 |
---------------+-------------+-----
Dodging        | 3 |  3.0
Unarmed Combat | 4 |  4.1
Fighting       | 4 |  4.0
Stealth        | |  1.1

Action                   |  1- 3 |  4- 6 || total
-------------------------+-------+-------++-------
Melee: Unarmed           |   158 |    60 ||   218
       Kick              |    21 |    13 ||    34
       Punch             |     1 |     2 ||     3
  Eat: Chunk             |     2 |     2 ||     4
Armor: Robe              |    50 |    18 ||    68
Dodge: Dodged            |    87 |    22 ||   109

Table legend:
 A = Spawn XP
 B = Non-spawn XP
 C = Spawn XP percentage of total XP
 D = Spawn monster count
 E = Non-spawn monster count
 F = Spawn count percentage of total count
 G = Total turns spent on level
                    A         B        C        D         E        F      G
               +---------+---------+-------+---------+---------+-------+---------
         Total |       0 |     195 |   0.0 |       0 |      62 |   0.0 |  2554
               +---------+---------+-------+---------+---------+-------+---------
           D:1 |       0 |      27 |   0.0 |       0 |      17 |   0.0 |   747
           D:2 |       0 |      82 |   0.0 |       0 |      30 |   0.0 |  1214
           D:3 |       0 |      86 |   0.0 |       0 |      15 |   0.0 |   593
               +---------+---------+-------+---------+---------+-------+---------
